 Dungeon Crawl Stone Soup version 0.27-a0-1158-gaa87e14f67 (webtiles) character file.

Game seed: 2787652932574592998

5 leviel the Ruffian (level 1, -7/22 HPs)
             Began as a Troll Monk on May 15, 2021.
             Mangled by a goblin
             ... wielding a +0 dagger of distortion
              (20 damage)
             ... on level 1 of the Dungeon.
             The game lasted 00:00:05 (45 turns).

leviel the Ruffian (Troll Monk)                       Turns: 45, Time: 00:00:05

Health: -7/22      AC:  4    Str: 18    XL:     1   Next: 66%
Magic:  0/0        EV: 10    Int:  6    God:
Gold:   0          SH:  0    Dex: 12    Spells: 0/0 levels left

rFire    . . .     SeeInvis .     - Unarmed
rCold    . . .     Faith    .   (no shield)
rNeg     . . .     Spirit   .   a - +0 robe
rPois    .         Reflect  .   (helmet restricted)
rElec    .         Harm     .   (no cloak)
rCorr    .         Rampage  .   (gloves unavailable)
Will     .....                  (boots unavailable)
Stlth    ++........             (no amulet)
HPRegen  1.07/turn              (no ring)
MPRegen  0.07/turn              (no ring)

@: no status effects
A: large, unfitting armour, claws 3, regeneration 1, shaggy fur 1, tough skin 1
a: no special abilities


You were on level 1 of the Dungeon.
You visited 1 branch of the dungeon, and saw 1 of its levels.

Inventory:

Armour
 a - a +0 robe (worn)


   Skills:
 + Level 2.5 Fighting
 + Level 2.6 Dodging
 + Level 1.0 Stealth
 + Level 3.1 Unarmed Combat


You couldn't memorise any spells.
You didn't know any spells.
Your spell library was empty.

Dungeon Overview and Level Annotations

Branches:
Dungeon (1/15)

Altars:


Innate Abilities, Weirdness & Mutations

You are too large for most types of armour.
You have claws for hands.
Your natural rate of healing is unusually fast.
You are covered in fur. (AC +1)
You have tough skin. (AC +1)


Message History

You scratch the jackal.
You kill the jackal!
The jackal bites you but does no damage.
You scratch the jackal.
You kill the jackal!
No target in view!
No target in view!
No target in view!
No target in view!
No target in view!
No target in view!
No target in view!
No target in view!
No target in view!
No target in view!
No target in view!
No target in view!
No target in view!
No target in view!
A quokka comes into view.
A quokka is nearby!
A quokka is nearby!
A quokka is nearby!
A goblin comes into view.
It is wielding a +0 dagger of distortion.
The goblin moves out of view.
You closely miss the quokka. The quokka bites you.
You closely miss the quokka.
The goblin shouts!
The quokka bites you but does no damage.
The quokka bites you.
You claw the quokka!
You kill the quokka!
You completely miss the goblin.
The goblin hits you with a +0 dagger of distortion.
Space bends around you.
You closely miss the goblin.
The goblin hits you with a +0 dagger of distortion.
Space warps horribly around you!!
Ouch! That really hurt!
You die...

#.........## ##.....
#.....†...# #.....
+###.........## ##.....
..............###......
##..................
#...###.........###
#..## ##.......## #..#
#...<...# #.@#
#.......# #.g.#
#.........#
#..................
#.........###......
#........# ##.....
#........# .....
#........# .....
#.........


You could see a goblin.

Vanquished Creatures
  3 jackals (D:1)
  A quokka (D:1)
4 creatures vanquished.

Notes
Turn   | Place    | Note
-------+----------+-------------------------------------------
     0 | D:1      | leviel the Troll Monk began the quest for the Orb.
     0 | D:1      | Reached XP level 1. HP: 22/22 MP: 0/0
    45 | D:1      | Mangled by a goblin

Illustrated notes

Levels and vault maps discovered:
D:1:      minmay_arrival_four_circles, layout_basic

Action                   || total
-------------------------++-------
Melee: Unarmed           ||    14
Armor: Robe              ||     9
Dodge: Dodged            ||    11

Table legend: (Time is in decaauts)
 A = Elapsed time spent in this place.
 B = Non-inter-level travel time spent in this place.
 C = Inter-level travel time spent in this place.
 D = Time resting spent in this place.
 E = Time spent auto-exploring this place.
 F = Levels seen in this place.
 G = Mean time per level.
                   A        B        C        D        E       F      G
               +--------+--------+--------+--------+--------+-----+--------+
         Total |     44 |     44 |      0 |      0 |     25 |   1 |   44.0 |
       Dungeon |     44 |     44 |      0 |      0 |     25 |   1 |   44.0 |
               +--------+--------+--------+--------+--------+-----+--------+

Top non-repeatable levels by time:
     D:1: 44 daAuts
